 Dungeon Crawl Stone Soup version 0.29.0-15-g675c0067aa (webtiles) character file.

Game seed: 8596926096235216145

104 freelancePsychic the Covert (level 4, 0/23 HPs)
             Began as a Spriggan Delver on Sept 11, 2022.
             Was an Initiate of Elyvilon.
             Succumbed to an adder's poison
             ... in a sewer.
             The game lasted 00:03:28 (635 turns).

freelancePsychic the Covert (Spriggan Delver)        Turns: 635, Time: 00:03:29

Health: 0/23       AC:  2    Str:  8    XL:     4   Next: 52%
Magic:  3/5        EV: 19    Int: 11    God:    Elyvilon [......]
Gold:   32         SH:  0    Dex: 18    Spells: 3/3 levels left

rFire   . . .      SeeInvis +   i - +2 dagger (venom)
rCold   . . .      Faith    .   (no shield)
rNeg    . . .      Spirit   +   b - +0 robe
rPois   .          Reflect  .   (helmet restricted)
rElec   .          Harm     .   (no cloak)
rCorr   .          Rampage  .   (gloves unavailable)
Will    .....                   (boots unavailable)
Stlth   ++++......              m - amulet of guardian spirit
HPRegen 0.07/turn               (no ring)
MPRegen 0.09/turn               (no ring)

@: lethally poisoned (0 -> -5), hasted, very quick
A: very small, no large weapons, unfitting armour, see invisible, speed 3
a: Renounce Religion


You were in a sewer.
You worshipped Elyvilon.
Elyvilon was noncommittal.
You visited 1 branch of the dungeon, and saw 4 of its levels.
You also visited: Sewer.

You collected 32 gold pieces.

Inventory:

Hand Weapons
 a - a +0 short sword
 i - a +2 dagger of venom (weapon)
Armour
 b - a +0 robe (worn)
Jewellery
 m - an amulet of guardian spirit (around neck)
 n - a +6 ring of strength
Wands
 g - a wand of digging (3)
Scrolls
 c - a scroll of fog
 d - 2 scrolls of magic mapping
 e - a scroll of fear
 h - 2 scrolls of teleportation {@r4}
 j - a scroll of blinking
 k - a scroll of enchant weapon
 l - 2 scrolls of identify {@r1}


   Skills:
 + Level 2.9 Fighting
 + Level 2.8 Short Blades
 * Level 4.3 Dodging
 * Level 8.2 Stealth


You had 3 spell levels left.
You didn't know any spells.
Your spell library contained the following spells:

 Spells                   Type           Power      Damage    Failure   Level
 Conjure Flame            Conj/Fire      0%         6-21      71%         3
 Ignite Poison            Fire/Tmut/Pois 0%         N/A       71%         3
 Portal Projectile        Hex/Tloc       0%         N/A       71%         3
 Tukima's Dance           Hex            0%         N/A       71%         3
 Sticky Flame             Conj/Fire      0%         2d3       98%         4
 Blade Hands              Tmut           0%         N/A       100%        5


Dungeon Overview and Level Annotations

Branches:
Dungeon (6/15)              Sewer (1/1)
 Temple: D:4-7

Altars:
Elyvilon
Qazlal
Sif Muna

Annotations:
D:6 Dowan, Duvessa


Innate Abilities, Weirdness & Mutations

You are very small and have problems with some larger weapons.
You are too small for most types of armour.
You have supernaturally acute eyesight. (SInv)
You cover ground extremely quickly. (Speed+++)


Message History

The ball python misses you. The ball python grabs you.
The ball python constricts you.
The frilled lizard completely misses you.
The adder bites you.
You are more poisoned.
The adder poisons you!
The ball python's grasp on you weakens, but your attempt to escape fails.
You feel sick. The adder bites you.
You are lethally poisoned!
The adder poisons you!
The ball python bites you but does no damage.
The ball python constricts you.
The giant cockroach completely misses you.
The frilled lizard barely misses you.
You feel yourself speed up.
* * * LOW HITPOINT WARNING * * *
You feel sick. The adder barely misses you. The ball python misses you.
The ball python constricts you. The giant cockroach bites you.
* * * LOW HITPOINT WARNING * * *
The frilled lizard bites you but does no damage.
The adder bites you but does no damage.
You escape the ball python's grasp.
* * * LOW HITPOINT WARNING * * *
You feel sick.
* * * LOW HITPOINT WARNING * * *
You feel sick.
The frilled lizard bites you but does no damage.
Okay, then.
You miss the adder.
The adder is almost dead.
* * * LOW HITPOINT WARNING * * *
You feel sick.
You hit the adder but do no damage.
The adder looks even sicker.
The adder is almost dead.
* * * LOW HITPOINT WARNING * * *
You feel sick.
You kill the adder!
The frilled lizard completely misses you.
You barely miss the giant cockroach.
You die...

###### ~..~.########
~~.~†~..∩.∩.#
~~~..######## ######
##########################
.........†......@BS......#
~~~~~~~~~~~~~~~~~l~~~~~~..
≈≈≈≈≈≈≈≈≈≈≈≈≈≈≈≈≈≈≈≈≈≈≈~~.
~~~~~~~~~~~~≈~~≈≈≈~~~~≈≈~.
.........~~≈~≈≈~B~~..~~≈~.
#####~≈≈≈≈≈≈≈~~≈≈≈≈≈~.~≈~.
≈≈≈~≈≈≈≈≈≈≈≈≈≈≈≈≈~.~≈~~
≈≈~≈≈≈≈≈≈.~~r≈≈≈≈~~~≈~.


You could see a quokka, 2 giant cockroaches, a ball python and a frilled lizard.

Vanquished Creatures
  A necrophage (D:4)
  2 adders
  An orc (D:5)
  3 ball pythons
  A bat (D:3)
  3 giant cockroaches (Sewer)
  2 goblins
  A kobold (D:4)
  3 quokkas
  3 frilled lizards (Sewer)
20 creatures vanquished.

Notes
Turn   | Place    | Note
-------+----------+-------------------------------------------
     0 | D:5      | freelancePsychic the Spriggan Delver began the quest for
                  | the Orb.
     0 | D:5      | Reached XP level 1. HP: 11/11 MP: 2/2
     8 | D:5      | Noticed a centaur
    39 | D:6      | Noticed Dowan
    47 | D:6      | Noticed Duvessa
    48 | D:6      | Noticed an ice beast
    51 | D:6      | Noticed a wyvern
    68 | D:5      | Noticed a black bear
    68 | D:5      | Noticed a vampire mosquito
    86 | D:5      | Noticed a phantom
   104 | D:5      | Noticed an iguana
   150 | D:5      | Found a shimmering blue altar of Sif Muna.
   238 | D:4      | Noticed a necrophage
   245 | D:4      | Killed a necrophage
   246 | D:4      | Reached skill level 8 in Stealth
   246 | D:4      | Reached XP level 2. HP: 12/16 MP: 3/3
   246 | D:4      | Reached XP level 3. HP: 14/19 MP: 4/4
   275 | D:4      | Reached XP level 4. HP: 19/23 MP: 5/5
   284 | D:4      | Found a stormy altar of Qazlal.
   302 | D:4      | Noticed a necrophage
   354 | D:4      | Found a white marble altar of Elyvilon.
   371 | D:4      | Became a worshipper of Elyvilon the Healer
   502 | D:4      | Identified the +1 pair of boots of Divine Intervention
                  | {Rampage Regen+ Str-2 Int-4}
   545 | D:4      | Found a glowing drain.
   555 | Sewer    | Entered a sewer
   634 | Sewer    | HP: 1/23 [poisoned by an adder]
   635 | Sewer    | Succumbed to an adder's poison

Illustrated notes

Levels and vault maps discovered:
D:3:      layout_basic, gammafunk_temple_overflow_pools
D:4:      layout_gridville, kennysheep_little_box, elyvilon_altar_5,
          portal_sewer_entry_d, minmay_pentangle
D:5:      layout_loops_ring, nicolae_sif_muna_condensation, serial_glass,
          glass_columns_b, glass_columns_a, chequers_serial_rivers_room_a,
          kb_lookout_dungeons_type, minmay_manual_monstrance, uniq_blork_the_orc
D:6:      layout_cave_pools, mainiacjoe_overflow_boulevard,
          minmay_temple_entry_stoned_glass, serial_shops,
          nicolae_shop_waterfront, nicolae_shop_advertising_works
          [nicolae_subvault_shop_adworks], nicolae_shop_statue_plus,
          nicolae_stop_n_shop_2, shop_statue, minmay_manual_mullet,
          uniq_duvessa, uniq_menkaure
Sewer:    sewer_frog_island_01

Skill      XL: |  1 |
---------------+----+-----
Dodging        | 4 |  4.3
Stealth        | 8 |  8.2
Fighting       | |  2.9
Short Blades   | |  2.8

Action                   |  1- 3 |  4- 6 || total
-------------------------+-------+-------++-------
Melee: Dagger            |     4 |    42 ||    46
       Short sword       |     1 |       ||     1
  Use: Scroll            |       |     3 ||     3
       Potion            |       |     1 ||     1
 Stab: Sleeping          |     2 |     4 ||     6
Armor: Robe              |       |     9 ||     9
Dodge: Dodged            |     5 |    42 ||    47
